 Dungeon Crawl Stone Soup version 0.24.1-14-gf8d2b509d9 (webtiles) character file.

Game seed: 13146225518051323779, levelgen mode: deterministic

35 Hugehornet the Magician (level 3, -2/19 HPs)
             Began as a Deep Elf Wizard on May 22, 2020.
             Slain by a gnoll
             ... wielding a +0 spear
              (11 damage)
             ... on level 1 of the Dungeon.
             The game lasted 00:02:26 (989 turns).

Hugehornet the Magician (Deep Elf Wizard)            Turns: 989, Time: 00:02:27

Health: -2/19      AC:  2    Str:  4    XL:     3   Next: 16%
Magic:  8/11       EV: 13    Int: 23    God:
Gold:   43         SH:  0    Dex: 13    Spells: 1/11 levels left

rFire    + . .     SeeInvis .   (no weapon)
rCold    . . .     Gourm    .   (no shield)
rNeg     . . .     Faith    .   a - +0 robe
rPois    .         Spirit   .   b - +0 hat
rElec    .         Reflect  .   (no cloak)
rCorr    .         Harm     .   (no gloves)
MR       .....                  (no boots)
Stlth    ++........             (no amulet)
HPRegen  0.06/turn              j - ring of protection from fire
MPRegen  0.12/turn              (no ring)

@: no status effects
A: no striking features
a: no special abilities


You were on level 1 of the Dungeon.
You were not hungry.

You visited 1 branch of the dungeon, and saw 2 of its levels.

You collected 43 gold pieces.

Inventory:

Armour
 a - a +0 robe (worn)
 b - a +0 hat (worn)
Jewellery
 j - a ring of protection from fire (left hand)
Scrolls
 e - 2 scrolls of teleportation {unknown}
 f - a scroll of fear {unknown}
 g - 2 scrolls of remove curse {unknown}
 h - a scroll of identify {unknown}
Potions
 c - a potion of ambrosia {unknown}
 i - a potion of berserk rage {unknown}
Comestibles
 d - 4 rations


   Skills:
 - Level 2.4 Dodging
 - Level 2.4 Stealth
 + Level 4.9 Spellcasting
 + Level 2.9 Conjurations
 - Level 1.1 Summonings
 - Level 1.1 Translocations
 * Level 0.1 Air Magic
 * Level 0.1 Poison Magic


You had one spell level left.
You knew the following spells:

 Your Spells              Type           Power        Failure   Level  Hunger
a - Magic Dart            Conj           ###.         3%          1    None
b - Blink                 Tloc           N/A          9%          2    None
c - Call Imp              Summ           ##......     9%          2    None
d - Slow                  Hex            #.......     14%         2    None
e - Mephitic Cloud        Conj/Pois/Air  ##......     19%         3    ##.....

Your spell library contained the following spells:

 Spells                   Type           Power        Failure   Level  Hunger
 Conjure Flame            Conj/Fire      ##......     16%         3    ##.....


Dungeon Overview and Level Annotations

Branches:
Dungeon (2/15)

Altars:


Message History

The gnoll barely misses you.
Casting: Magic Dart (safe; 3% risk of failure)
Confirm with . or Enter, or press ? or * to list all spells.
Aiming: Magic Dart (safe; 3% risk of failure)
Press: ? - help, Shift-Dir - straight line, f/p - gnoll
Aim: a gnoll, wielding a +0 spear (lightly wounded)
The magic dart hits the gnoll but does no damage.
The gnoll is lightly wounded.
The gnoll hits you with a +0 spear!
Ouch! That really hurt!
Casting: Magic Dart (safe; 3% risk of failure)
Confirm with . or Enter, or press ? or * to list all spells.
Aiming: Magic Dart (safe; 3% risk of failure)
Press: ? - help, Shift-Dir - straight line, f/p - gnoll
Aim: a gnoll, wielding a +0 spear (lightly wounded)
The magic dart hits the gnoll.
The gnoll is severely wounded.
The gnoll hits you with a +0 spear!
Ouch! That really hurt!
You die...

#.....# ### #)....### #.##
#†..####. #..##### #..###...
#....(.# ########..###.##
##.###.## ###........###..## #
#...#..#######..............### #
###.........#g................. #
###.........@................ #
#..........................
#######..........................
...).................#.#.##...###
#######.......#.....##.#.##.###
..### ##....................#
....# #...............#....# ##
.##.## #..............##....# #.
.##..###P♣≈...#.......##....####.


You could see a gnoll.

Vanquished Creatures
  A dart slug (D:1)
  A leopard gecko (D:1)
  7 bats (D:1)
  A giant cockroach (D:1)
  6 goblins (D:1)
  4 hobgoblins (D:1)
  3 kobolds (D:1)
  3 frilled lizards (D:1)
  2 rats (D:1)
28 creatures vanquished.

Notes
Turn   | Place    | Note
-------+----------+-------------------------------------------
     0 | D:1      | Hugehornet the Deep Elf Wizard began the quest for the Orb.
     0 | D:1      | Reached XP level 1. HP: 10/10 MP: 7/7
   117 | D:1      | Reached XP level 2. HP: 15/15 MP: 2/9
   121 | D:1      | Learned a level 2 spell: Blink
   124 | D:1      | Learned a level 2 spell: Call Imp
   127 | D:1      | Learned a level 2 spell: Slow
   644 | D:1      | Reached XP level 3. HP: 19/19 MP: 7/11
   695 | D:1      | Learned a level 3 spell: Mephitic Cloud
   989 | D:1      | Slain by a gnoll

Levels and vault maps discovered:
D:1:      lemuel_arrival_behind_the_door_large, layout_rooms, chequers_jeans,
          serial_bayou_lake_a
D:2:      layout_basic, eat_drink_and_be_merry_uskayaw

Skill      XL: |  1 |
---------------+----+-----
Conjurations   | 2 |  2.9
Dodging        | |  2.4
Stealth        | |  2.4
Spellcasting   | |  4.9
Summonings     | |  1.1
Translocations | |  1.1
Air Magic      | |  0.1
Poison Magic   | |  0.1

Action                   || total
-------------------------++-------
 Cast: Magic Dart        ||    57
Armor: Robe              ||     2
Dodge: Dodged            ||     3
